Map: Colline di Doraelus

Players

Jhyrachy - Winner!

  • Race: Zerg Zerg
  • League: Gold

RaZoR - Winner!

  • Race: Protoss Protoss

GennaroBullo - Winner!

  • Race: Terran Terran

I.A. 3 (Facile)

  • Race: Protoss Protoss

I.A. 4 (Facile)

  • Race: Terran Terran

I.A. 5 (Facile)

  • Race: Terran Terran

VOD

Have the link to the VOD?

Description

Time

  • Played on: May 26, 2016, 4:29 p.m.
  • Length: 14:46
Show
View Real Time Build Order
Export as new Build Order

Jhyrachy Zerg - Winner!

Build Orders: Hatch First 

Get SALT Encoding   

  12  0:02  Drone  
  13  0:08  Drone  
  14  0:20  Overlord  
  14  0:38  Drone  
  14  0:39  Drone  
  14  0:42  Drone  
  17  0:52  Drone  
  18  1:03  Drone  
  19  1:09  Extractor  
  18  1:12  Hatchery, Drone  
  18  1:28  Drone  
  19  1:35  Drone  
  20  1:48  Spawning Pool  
  19  2:06  Drone  
  19  2:07  Overlord  
  20  2:11  Hatchery  
  19  2:36  Metabolic Boost  
  19  2:41  Queen  
  21  2:46  Drone x5  
  26  2:52  Queen  
  28  3:04  Evolution Chamber  
  27  3:06  Evolution Chamber  
  26  3:13  Drone x3  
  26  3:14  Drone x2  
  26  3:16  Extractor  
  30  3:35  Zerg Melee Weapons Level 1  
  30  3:37  Zergling x2  
  30  3:38  Zergling x8  
  30  3:39  Overlord  
  35  3:44  Queen  
  35  3:48  Drone  
  38  3:53  Lair  
  38  4:09  Zerg Ground Armor Level 1  
  38  4:14  Drone x2  
  40  4:18  Drone x4  
  40  4:24  Drone x3  
  46  4:25  Drone  
  46  4:27  Overlord  
  48  4:39  Drone x2  
  50  4:54  Infestation Pit  
  50  4:59  Drone x2  
  51  5:05  Zergling x14  
  51  5:06  Overlord x3  
  58  5:09  Pneumatized Carapace  
  58  5:26  Extractor, Drone x3  
  60  5:28  Drone  
  60  5:29  Drone x2  
  60  5:35  Zergling x12  
  65  5:53  Zergling x2  
  61  6:01  Queen  
  59  6:19  Drone x3  
  62  6:26  Hive  
  62  6:27  Zerg Ground Armor Level 2, Zerg Melee Weapons Level 2  
  62  6:37  Queen  
  64  6:58  Zergling x2  
  64  6:59  Zergling x16  
  64  7:00  Overlord  
  64  7:01  Overlord x5  
  73  7:40  Ultralisk Cavern  
  72  7:50  Drone x2  
  72  7:51  Drone  
  75  8:07  Hatchery  
  74  8:16  Adrenal Glands  
  74  8:47  Zerg Melee Weapons Level 3, Zerg Ground Armor Level 3  
  74  8:50  Chitinous Plating  
  74  8:56  Overlord x5  
  74  9:47  Overlord  
  74  9:48  Overlord x4  
  74  9:49  Hatchery  
  73  9:54  Extractor  
  72  10:00  Extractor  
  72  10:02  Extractor  
  72  10:05  Drone  
  72  10:06  Drone x11  
  72  10:07  Drone x4  
  84  10:10  Queen  
  88  10:45  Spine Crawler  
  88  10:46  Spine Crawler  
  88  10:48  Spine Crawler x2  
  84  10:50  Spine Crawler x2  
  84  10:52  Drone  
  84  10:53  Drone x13  
  84  10:54  Drone x2  
  84  10:55  Queen  
  100  11:25  Spine Crawler  
  99  11:28  Spine Crawler  
  99  11:31  Queen  
  99  11:32  Spine Crawler  
  99  11:36  Spine Crawler  
  98  11:41  Extractor  
  98  11:43  Extractor  
  96  11:50  Hatchery  
  96  11:52  Hatchery  
  94  11:59  Ultralisk x3  
  94  12:00  Ultralisk x7  
  94  12:01  Ultralisk  
  160  12:06  Queen  
  162  12:42  Queen  
  164  13:18  Queen  
  166  13:26  Queen  
  168  13:37  Hatchery, Extractor  
  196  14:38  Spine Crawler  
  195  14:40  Spine Crawler x2  
Show
View Real Time Build Order
Export as new Build Order

RaZoR Protoss - Winner!

Build Orders: 1 Gate Expand, Carrier Rush 

Get SALT Encoding   

  12  0:01  Probe (Chrono Boost)  
  13  0:11  Probe (Chrono Boost)  
  14  0:22  Probe (Chrono Boost), Pylon  
  15  0:40  Probe (Chrono Boost)  
  16  0:42  Gateway  
  16  0:50  Probe (Chrono Boost)  
  17  1:01  Probe (Chrono Boost)  
  18  1:13  Nexus  
  18  1:17  Probe (Chrono Boost)  
  19  1:23  Assimilator  
  19  1:28  Probe (Chrono Boost)  
  20  1:33  Cybernetics Core  
  20  1:39  Pylon  
  20  1:43  Probe (Chrono Boost)  
  21  1:53  Probe (Chrono Boost)  
  22  1:59  Assimilator  
  22  2:05  Probe (Chrono Boost)  
  23  2:25  Nexus  
  23  2:27  Probe (Chrono Boost)  
  24  2:36  Sentry  
  26  2:38  Probe (Chrono Boost)  
  27  2:45  Probe (Chrono Boost)  
  27  2:48  Probe (Chrono Boost)  
  29  2:55  Assimilator, Probe (Chrono Boost)  
  30  2:58  Assimilator  
  30  3:04  Stargate  
  30  3:11  Probe x2 (Chrono Boost)  
  32  3:18  Pylon  
  32  3:21  Probe (Chrono Boost)  
  32  3:22  Probe (Chrono Boost)  
  34  3:29  Pylon  
  34  3:32  Probe (Chrono Boost)  
  34  3:33  Probe (Chrono Boost)  
  35  3:37  Protoss Air Weapons Level 1 (Chrono Boost)  
  36  3:43  Probe x2  
  38  3:49  Fleet Beacon  
  38  3:51  Probe  
  38  3:55  Probe x2  
  40  4:01  Probe  
  41  4:07  Probe  
  43  4:11  Stargate  
  43  4:15  Assimilator  
  43  4:20  Stargate  
  43  4:22  Probe  
  43  4:23  Probe x2  
  45  4:30  Assimilator  
  46  4:32  Probe, Pylon  
  46  4:33  Probe  
  46  4:35  Probe  
  49  4:40  Carrier (Chrono Boost)  
  55  4:46  Graviton Catapult  
  55  4:47  Probe  
  56  4:57  Pylon  
  56  4:59  Pylon  
  56  5:01  Pylon  
  56  5:08  Carrier (Chrono Boost)  
  68  5:24  Probe  
  69  5:30  Carrier (Chrono Boost)  
  69  5:36  Probe  
  69  5:38  Protoss Air Weapons Level 2  
  70  5:47  Nexus  
  70  5:48  Probe  
  71  5:57  Carrier (Chrono Boost)  
  71  6:00  Probe  
  78  6:05  Pylon  
  78  6:08  Pylon  
  78  6:09  Pylon  
  78  6:12  Probe  
  85  6:33  Probe, Carrier (Chrono Boost)  
  85  6:34  Probe x2  
  88  6:43  Probe  
  88  6:46  Probe, Forge  
  90  6:48  Twilight Council  
  90  6:53  Probe  
  91  6:54  Probe  
  91  6:58  Probe  
  99  7:01  Probe, Carrier (Chrono Boost)  
  99  7:04  Probe  
  99  7:05  Probe  
  102  7:08  Stargate  
  102  7:09  Carrier (Chrono Boost)  
  102  7:12  Pylon  
  108  7:19  Assimilator  
  108  7:23  Assimilator  
  108  7:26  Pylon  
  108  7:27  Protoss Shields Level 1 (Chrono Boost)  
  108  7:29  Pylon x2  
  108  7:34  Stargate  
  114  7:52  Carrier (Chrono Boost)  
  114  7:55  Carrier (Chrono Boost)  
  119  8:18  Carrier (Chrono Boost)  
  119  8:19  Nexus  
  125  8:21  Pylon  
  125  8:22  Carrier (Chrono Boost)  
  125  8:24  Protoss Air Weapons Level 3 (Chrono Boost)  
  131  8:31  Carrier (Chrono Boost)  
  131  8:36  Nexus  
  131  8:38  Pylon  
  137  8:45  Probe x2  
  139  9:08  Pylon  
  139  9:10  Pylon  
  139  9:12  Carrier (Chrono Boost), Pylon  
  145  9:28  Carrier (Chrono Boost)  
  151  9:32  Protoss Shields Level 2 (Chrono Boost)  
  151  9:44  Carrier (Chrono Boost)  
  151  9:45  Assimilator  
  157  9:50  Assimilator  
  157  9:55  Carrier (Chrono Boost)  
  163  10:01  Carrier (Chrono Boost)  
  169  10:24  Assimilator  
  169  10:26  Assimilator  
  169  10:28  Pylon  
  169  10:33  Carrier (Chrono Boost)  
  175  10:50  Carrier (Chrono Boost)  
  175  10:52  Protoss Air Armor Level 1 (Chrono Boost)  
  175  10:54  Carrier (Chrono Boost)  
  187  11:12  Carrier  
  187  11:15  Carrier  
  199  11:33  Pylon  
  199  11:40  Protoss Shields Level 3 (Chrono Boost)  
Show
View Real Time Build Order
Export as new Build Order

GennaroBullo Terran - Winner!

Build Orders:  

Get SALT Encoding   

  12  0:02  SCV  
  14  0:14  SCV  
  14  0:24  Supply Depot  
  14  0:28  Refinery  
  14  0:29  SCV  
  15  0:45  SCV  
  16  0:53  Barracks  
  16  0:57  SCV  
  17  1:07  Engineering Bay  
  17  1:09  SCV  
  18  1:21  SCV  
  19  1:49  SCV  
  19  1:53  Barracks Reactor  
  20  1:54  Command Center  
  20  2:05  SCV  
  21  2:17  SCV  
  22  2:37  Refinery  
  22  2:40  Terran Infantry Weapons Level 1  
  22  2:42  Orbital Command  
  22  2:51  Supply Depot  
  22  2:59  Marine  
  22  3:05  Marine  
  23  3:11  Supply Depot, SCV  
  25  3:14  Supply Depot  
  25  3:17  Marine  
  26  3:23  Marine, SCV  
  28  3:33  Supply Depot  
  28  3:48  Barracks  
  28  3:54  Factory  
  29  3:55  SCV  
  29  4:14  Barracks  
  29  4:21  SCV  
  29  4:24  SCV  
  31  4:33  SCV  
  31  4:36  SCV  
  31  4:38  Terran Infantry Armor Level 1, Barracks  
  33  4:40  Barracks Tech Lab  
  33  4:45  SCV  
  34  4:48  SCV  
  34  4:49  Starport  
  35  4:57  SCV  
  36  5:00  SCV  
  37  5:09  SCV  
  37  5:12  SCV  
  39  5:17  Factory Tech Lab, Bunker  
  39  5:28  Starport Reactor  
  39  5:32  Starport, SCV  
  40  5:38  Marine x4  
  40  5:39  Marine  
  45  5:44  SCV  
  46  5:52  Factory  
  46  5:56  Marine x4, Siege Tank, SCV  
  46  5:57  Marine  
  55  6:08  Supply Depot, SCV  
  56  6:11  Starport Tech Lab  
  56  6:14  Marine x3  
  61  6:31  Marine, Supply Depot  
  61  6:32  Marine  
  61  6:33  Barracks Tech Lab  
  61  6:34  Barracks Reactor, Command Center  
  61  6:36  Stimpack  
  61  6:44  Factory Tech Lab  
  61  6:52  Supply Depot  
  61  6:55  Supply Depot  
  61  7:07  Refinery  
  61  7:11  Refinery, SCV  
  61  7:15  Supply Depot  
  62  7:23  SCV  
  62  7:26  Medivac x2  
  67  7:36  SCV  
  68  7:38  Supply Depot  
  68  7:46  Armory  
  68  7:48  SCV  
  69  7:58  SCV  
  69  8:03  SCV  
  72  8:10  SCV  
  72  8:12  Orbital Command  
  72  8:15  SCV  
  73  8:23  SCV  
  74  8:27  SCV  
  75  8:35  SCV  
  76  8:47  SCV  
  77  8:49  Command Center  
  77  8:55  Starport  
  77  8:59  SCV  
  78  9:04  Terran Vehicle Weapons Level 1, Barracks  
  78  9:07  Terran Infantry Weapons Level 2  
  78  9:28  Thor  
  84  9:33  Viking  
  84  9:37  Marine x5  
  84  9:38  Marine  
  92  9:51  Refinery  
  92  9:55  Marine x5  
  92  9:56  Marauder  
  92  9:57  Refinery  
  99  10:04  SCV x3  
  99  10:05  SCV  
  103  10:11  Thor  
  103  10:12  Marine x2  
  103  10:13  Marine x2  
  103  10:14  Marauder  
  115  10:15  Refinery  
  115  10:16  SCV x2  
  115  10:17  Marauder, SCV x2  
  121  10:28  SCV  
  121  10:29  SCV x3  
  121  10:34  Supply Depot, Starport Reactor  
  121  10:35  Marauder  
  127  10:39  Marauder  
  127  10:40  SCV  
  127  10:41  SCV  
  131  10:44  Refinery  
  131  10:53  SCV  
  131  10:54  Marine x4  
  131  10:56  Marine  
  137  10:57  Supply Depot  
  137  10:58  Terran Vehicle And Ship Armor Level 1, Siege Tank  
  137  11:00  Marine  
  141  11:07  Engineering Bay  
  141  11:11  Marine, Armory  
  141  11:12  Marine  
  141  11:14  Marauder  
  141  11:18  Marauder  
  147  11:20  Supply Depot, Command Center  
  147  11:30  Siege Tank, Terran Infantry Weapons Level 3  
  150  11:32  Barracks Reactor  
  150  11:36  Marauder  
  150  11:39  Marauder  
  154  11:58  Starport  
  154  12:02  Siege Tank  
  157  12:18  Medivac x2  
  157  12:19  Viking x3  
  157  12:21  Marine x4  
  157  12:22  Marine  
  172  12:31  Marine x3  
  172  12:33  Supply Depot  
  175  12:39  Marine x3  
  178  12:48  Viking x2  
  178  12:49  Viking x2  
  186  12:57  Supply Depot  
  184  13:17  Viking  
  184  13:18  Viking x2  
  184  13:19  Viking x2  
  194  13:20  Supply Depot  
  178  13:44  Supply Depot  
  178  13:47  Viking  
  158  14:08  Supply Depot  
Show
View Real Time Build Order
Export as new Build Order

I.A. 3 (Facile) Protoss 

Build Orders:  

Get SALT Encoding   

  12  0:01  Probe (Chrono Boost)  
  13  0:12  Probe (Chrono Boost)  
  14  0:20  Pylon  
  14  0:22  Probe (Chrono Boost)  
  15  0:38  Probe (Chrono Boost)  
  16  0:43  Assimilator  
  16  0:51  Gateway  
  16  0:55  Pylon  
  16  1:15  Assimilator  
  16  1:38  Zealot  
  16  1:42  Cybernetics Core  
  16  1:43  Probe (Chrono Boost)  
  19  1:56  Pylon  
  19  1:59  Probe (Chrono Boost)  
  20  2:10  Warp Gate, Probe (Chrono Boost)  
  21  2:20  Adept  
  24  2:23  Probe (Chrono Boost)  
  24  2:33  Probe (Chrono Boost)  
  26  2:45  Probe (Chrono Boost), Stalker  
  28  3:13  Adept  
  30  5:31  Stalker  
  30  5:33  Probe (Chrono Boost)  
  33  5:41  Pylon  
  33  5:45  Nexus  
  33  5:54  Stalker  
  35  6:00  Probe (Chrono Boost)  
  35  6:03  Robotics Facility  
  36  6:06  Pylon  
  36  6:11  Probe (Chrono Boost)  
  29  6:18  Stalker  
  31  6:34  Probe (Chrono Boost)  
  31  6:42  Sentry  
  33  6:49  Observer  
  34  6:59  Probe (Chrono Boost)  
  35  7:03  Probe (Chrono Boost)  
  35  7:05  Stalker  
  38  7:09  Probe (Chrono Boost)  
  38  7:11  Assimilator, Observer  
  38  7:13  Assimilator, Probe (Chrono Boost)  
  41  7:20  Probe (Chrono Boost)  
  42  7:24  Probe (Chrono Boost)  
  42  7:29  Zealot  
  45  7:30  Probe (Chrono Boost)  
  45  7:34  Probe (Chrono Boost)  
  47  7:41  Probe (Chrono Boost)  
  48  7:45  Probe (Chrono Boost)  
  49  7:52  Adept, Probe (Chrono Boost)  
  49  7:57  Probe (Chrono Boost)  
  53  8:03  Probe (Chrono Boost)  
  54  8:09  Probe (Chrono Boost)  
  55  8:13  Probe (Chrono Boost)  
  57  8:20  Probe (Chrono Boost)  
  57  8:24  Probe (Chrono Boost)  
  58  8:31  Probe (Chrono Boost)  
  59  8:34  Probe (Chrono Boost)  
  60  8:41  Probe (Chrono Boost)  
  60  8:45  Probe (Chrono Boost)  
  62  8:49  Pylon  
  62  8:52  Probe (Chrono Boost)  
  63  9:33  Stalker  
  51  9:56  Adept  
  53  10:20  Stalker  
  55  10:30  Warp Prism  
  55  10:33  Gateway  
  55  10:34  Forge  
  57  10:38  Robotics Bay  
  57  10:40  Adept  
  57  10:41  Stargate  
  59  10:44  Pylon  
  59  10:59  Sentry  
  59  11:00  Protoss Ground Armor Level 1  
  59  11:04  Warp Prism  
  62  11:20  Zealot  
  62  11:25  Observer Gravitic Boosters  
  62  11:26  Pylon  
  62  11:30  Gateway  
  62  11:31  Nexus  
  62  11:35  Zealot  
  62  11:38  Observer  
  65  11:49  Stalker  
  66  12:03  Immortal  
  66  12:05  Pylon  
  70  12:13  Pylon  
  70  12:17  Gravitic Drive  
  70  12:18  Stalker  
  72  12:32  Zealot  
  74  12:40  Pylon  
  74  12:46  Probe (Chrono Boost)  
  74  12:51  Probe (Chrono Boost)  
  80  12:55  Probe (Chrono Boost)  
  80  12:58  Assimilator, Probe (Chrono Boost)  
  76  13:01  Stalker  
  76  13:03  Probe (Chrono Boost)  
  78  13:08  Probe (Chrono Boost)  
  78  13:11  Assimilator, Probe (Chrono Boost)  
  68  13:16  Zealot  
  68  13:17  Probe (Chrono Boost)  
  39  13:21  Probe (Chrono Boost)  
  28  13:27  Probe (Chrono Boost)  
  28  13:31  Probe (Chrono Boost)  
  25  13:38  Probe (Chrono Boost)  
  23  13:46  Pylon  
  22  13:49  Pylon  
  22  13:52  Pylon  
  22  13:55  Assimilator  
  22  14:14  Pylon  
  13  14:27  Pylon  
  13  14:30  Pylon  
  10  14:32  Probe (Chrono Boost)  
Show
View Real Time Build Order
Export as new Build Order

I.A. 4 (Facile) Terran 

Build Orders:  

Get SALT Encoding   

  12  0:01  SCV  
  13  0:13  SCV  
  14  0:18  Supply Depot  
  14  0:25  SCV  
  15  0:39  SCV  
  16  0:43  Barracks  
  16  0:45  Refinery  
  16  1:09  Supply Depot  
  16  1:20  Refinery  
  16  1:30  Marine  
  16  1:32  Orbital Command  
  17  1:49  Barracks Tech Lab  
  17  1:57  SCV  
  18  2:06  Marine  
  19  2:09  SCV  
  19  2:12  Supply Depot  
  20  2:21  SCV  
  21  2:24  Marine  
  22  2:34  SCV  
  23  2:43  Marauder  
  25  2:46  SCV  
  26  2:58  SCV  
  27  3:04  Marauder  
  29  4:08  SCV  
  29  5:22  Reaper  
  29  5:24  SCV  
  29  5:26  Factory  
  31  5:29  Supply Depot  
  31  5:50  SCV  
  31  5:54  Marine  
  31  5:55  Supply Depot  
  26  5:59  Command Center  
  26  6:02  SCV  
  27  6:13  Starport, Marauder  
  29  6:33  Marine  
  30  6:50  Starport Tech Lab  
  30  6:51  Marine  
  31  7:09  Marine, Raven  
  31  7:11  SCV  
  35  7:15  SCV  
  36  7:23  SCV  
  36  7:27  Refinery, Marine  
  36  7:28  SCV  
  39  7:30  Refinery  
  39  7:35  SCV  
  40  7:40  SCV  
  41  7:45  Marine  
  41  7:47  SCV  
  43  7:52  Raven, SCV  
  46  8:00  SCV  
  46  8:03  Marauder  
  46  8:04  SCV  
  50  8:12  SCV  
  51  8:16  SCV  
  52  8:24  Reaper, SCV  
  54  8:28  SCV  
  55  8:36  SCV  
  55  8:40  SCV  
  57  8:48  SCV  
  58  8:52  SCV  
  59  8:57  Marauder  
  59  9:00  SCV  
  62  9:20  Reaper  
  62  9:24  Raven  
  62  9:29  Supply Depot, SCV  
  44  9:36  Hellion  
  30  9:41  SCV  
  31  9:52  Marine  
  31  9:53  SCV  
  33  10:05  Hellion, SCV  
  36  10:17  SCV  
  36  10:18  Marine  
  36  10:19  Medivac  
  36  10:21  Supply Depot  
  40  10:22  Engineering Bay  
  27  10:29  SCV  
  28  10:36  Reaper  
  28  10:41  SCV  
  30  10:49  Viking  
  31  10:54  SCV  
  32  11:06  SCV  
  32  11:08  Marine  
  34  11:18  SCV  
  34  11:19  Medivac  
  36  11:26  Marine  
  36  11:30  SCV  
  38  11:42  SCV  
  43  11:54  SCV  
Show
View Real Time Build Order
Export as new Build Order

I.A. 5 (Facile) Terran 

Build Orders:  

Get SALT Encoding   

  12  0:01  SCV  
  13  0:13  SCV  
  14  0:18  Supply Depot  
  14  0:25  SCV  
  15  0:40  SCV  
  15  0:42  Barracks  
  16  0:45  Refinery  
  16  1:09  Supply Depot  
  16  1:20  Refinery  
  16  1:29  Barracks Tech Lab  
  16  1:32  Orbital Command  
  18  1:47  Marauder  
  18  1:57  SCV  
  21  2:08  Marauder  
  21  2:09  SCV  
  21  2:11  Supply Depot  
  22  2:21  SCV  
  23  2:29  Marine  
  24  2:33  SCV  
  25  2:45  SCV  
  25  2:47  Marine  
  27  2:57  SCV  
  28  3:05  Marine  
  29  4:08  SCV  
  29  5:18  Marine, SCV  
  29  5:20  Supply Depot  
  31  5:28  Factory  
  31  5:30  SCV  
  31  5:33  Command Center  
  32  5:36  Marine  
  32  5:42  SCV  
  34  5:45  Supply Depot  
  31  5:54  Marine  
  28  6:12  Marauder  
  28  6:15  Starport  
  30  6:33  Marauder  
  32  6:46  SCV  
  33  6:50  SCV  
  34  6:55  Marauder  
  34  6:58  SCV  
  37  7:02  SCV  
  37  7:03  Refinery, Starport Tech Lab  
  37  7:04  Refinery  
  38  7:10  SCV  
  38  7:14  SCV  
  40  7:16  Marine  
  40  7:22  Raven, SCV  
  44  7:26  SCV  
  45  7:33  Marine  
  45  7:34  SCV  
  47  7:38  SCV  
  48  7:46  SCV  
  48  7:50  SCV  
  50  7:51  Marine  
  51  7:58  SCV  
  51  8:02  SCV  
  51  8:05  Raven  
  55  8:10  Marauder, SCV  
  58  8:15  SCV  
  59  8:22  SCV  
  61  8:27  SCV  
  61  8:34  SCV  
  61  8:39  SCV  
  63  8:42  Supply Depot  
  63  8:47  SCV  
  64  8:51  SCV  
  65  9:32  Raven  
  65  9:33  Marine  
  51  9:51  Marine  
  52  10:09  Marine  
  53  10:23  Medivac  
  53  10:25  Supply Depot  
  53  10:27  Marine, Engineering Bay  
  56  10:32  Command Center  
  56  10:36  Factory Tech Lab  
  56  10:45  Marauder  
  58  10:50  Supply Depot  
  63  11:09  Marine  
  58  11:24  Factory  
  32  12:17  Engineering Bay  
  32  12:32  Supply Depot  
  32  12:46  Supply Depot  
  32  12:49  Supply Depot  
  24  12:56  Barracks  
Tags
 
Add a new tag
Caveats
  • Supply blocks, unpowered buildings, or Contaminate may cause inaccurate times.
  • Supply counts are checked every 10 seconds.